 Dungeon Crawl Stone Soup version 0.29.1-14-g9c671dbff4 (webtiles) character file.

Game seed: 14411283495109447937

189 LustLizard the Covered (level 5, 0/38 HPs)
             Began as a Gnoll Wanderer on Feb 18, 2023.
             Slain by an orc wizard
             ... wielding a +0 whip
              (3 damage)
             ... on level 3 of the Dungeon.
             The game lasted 00:05:48 (3644 turns).

LustLizard the Covered (Gnoll Wanderer)             Turns: 3644, Time: 00:05:49

Health: 0/38       AC:  3    Str: 11    XL:     5   Next: 68%
Magic:  9/9        EV: 11    Int: 13    God:
Gold:   161        SH:  0    Dex: 12    Spells: 9/10 levels left

rFire   . . .      SeeInvis .   q - staff of air
rCold   . . .      Faith    .   (no shield)
rNeg    . . .      Spirit   .   l - +0 leather armour
rPois   .          Reflect  +   (no helmet)
rElec   +          Harm     .   (no cloak)
rCorr   .          Rampage  .   (no gloves)
Will    .....                   (no boots)
Stlth   +.........              p - amulet of reflection
HPRegen 0.12/turn               (no ring)
MPRegen 0.11/turn               (no ring)

@: confused, hasted, very quick
A: fangs 1, strong nose, distributed training
a: no special abilities


You were on level 3 of the Dungeon.
You visited 1 branch of the dungeon, and saw 3 of its levels.

You collected 161 gold pieces.

Inventory:

Hand Weapons
 a - a +0 quarterstaff
Missiles
 e - 3 poisoned darts
 f - 27 stones
Armour
 b - a +0 scale mail
 l - a +0 leather armour (worn)
Magical Staves
 q - a staff of air (weapon)
Jewellery
 h - a ring of ice
 p - an amulet of reflection (around neck)
Scrolls
 c - a scroll of fear
 d - 2 scrolls of enchant armour {unknown}
 g - 2 scrolls of teleportation {unknown}
 i - 2 scrolls of identify {unknown}
 j - a scroll of noise {unknown}
 n - a scroll of blinking {unknown}
 o - a scroll of immolation {unknown}
Potions
 m - a potion of brilliance {unknown}


   Skills:
 + Level 1.6 Fighting
 + Level 1.6 Short Blades
 + Level 1.6 Long Blades
 + Level 1.6 Axes
 + Level 1.6 Maces & Flails
 + Level 1.6 Polearms
 + Level 6.7 Staves
 + Level 1.6 Ranged Weapons
 + Level 1.6 Throwing
 + Level 6.7 Armour
 + Level 1.6 Dodging
 + Level 1.6 Stealth
 + Level 1.6 Shields
 + Level 1.6 Unarmed Combat
 + Level 3.2 Spellcasting
 + Level 1.3 Conjurations
 + Level 1.3 Hexes
 + Level 1.3 Summonings
 + Level 4.0 Necromancy
 + Level 1.3 Translocations
 + Level 1.3 Transmutations
 + Level 1.3 Fire Magic
 + Level 1.3 Ice Magic
 + Level 1.3 Air Magic
 + Level 1.3 Earth Magic
 + Level 1.3 Poison Magic
 + Level 1.9 Invocations
 + Level 3.1 Evocations


You had 9 spell levels left.
You knew the following spells:

 Your Spells              Type           Power      Damage    Failure   Level
a - Necrotise             Necr           48%        1d6       5%          1

Your spell library contained the following spells:

 Spells                   Type           Power      Damage    Failure   Level
 Scorch                   Fire           10%        2d6       26%         2
 Ozocubu's Armour         Ice            5%         N/A       45%         3
 Dispel Undead            Necr           12%        3d9       47%         4
 Corpse Rot               Necr/Pois/Air  11%        N/A       75%         4
 Flame Wave               Conj/Fire      5%         2d5       86%         4
 Metabolic Englaciation   Hex/Ice        2%         N/A       99%         5
 Simulacrum               Ice/Necr       4%         N/A       100%        6
 Summon Cactus Giant      Summ           2%         N/A       100%        6


Dungeon Overview and Level Annotations

Branches:
Dungeon (3/15)

Altars:


Innate Abilities, Weirdness & Mutations

You have very sharp teeth.
Your uncanny sense of smell can sniff out nearby items.
Your experience applies equally to all skills.


Message History

You are too confused!
Unknown command.
You bump into the rock wall.
The orc barely misses you.
You bump into the rock wall.
The orc hits you with a +0 whip.
A magic dart appears from out of thin air!
The magic dart hits you! The orc attacks as you move away!
The orc closely misses you.
You hit the orc.
The orc is severely wounded.
The orc closely misses you.
You hit the orc.
You kill the orc!
Something hits you.
You feel less confused.
You hear some strange, mumbled words.
You are confused.
You hit something. Your bite misses something. Something hits you.
A rat comes into view.
You bump into the rock wall.
Something hits you. Something hits you but does no damage.
You hit something but do no damage.
You hear some strange, mumbled words.
A puff of flame appears from out of thin air!
The puff of flame hits you!
* * * LOW HITPOINT WARNING * * *
You're too confused to move!
Something hits you.
* * * LOW HITPOINT WARNING * * *
You bump into the rock wall.
Something hits you.
* * * LOW HITPOINT WARNING * * *
You hit the rat.
The rat is electrocuted.
You kill the rat!
You feel less confused.
You hit something. Something hits you.
* * * LOW HITPOINT WARNING * * *
Okay, then.
It was a potion of haste.
You feel yourself speed up. Something hits you.
* * * LOW HITPOINT WARNING * * *
You are confused.
Something hits you.
You die...

#.......>....#######
#.####..####.#
#.####..# #.#
#.....>.# #.#
#..####.# #.# #..# #.#
#.# #..####.####.#
####
#.........##.####...
###.#@..............##
#...#{##....##.######
#..............#
###.####{...#### #.#
##.#.# #.#####.#.#####
#.#...........#
#.#.###........
#)#)#####.###.#


There were no monsters in sight!

Vanquished Creatures
  An orc priest (D:3)
  2 gnolls (D:3)
  5 adders (D:2)
  2 worms (D:2)
  3 dart slugs
  5 orcs
  7 ball pythons
  6 bats
  7 endoplasms
  4 giant cockroaches
  3 goblins
  3 hobgoblins
  3 jackals (D:2)
  7 kobolds
  3 quokkas
  7 frilled lizards
  3 rats
71 creatures vanquished.

Vanquished Creatures (collateral kills)
  2 orcs (D:2)
  A goblin (D:2)
  A bat (D:1)
4 creatures vanquished.

Grand Total: 75 creatures vanquished

Notes
Turn   | Place    | Note
-------+----------+-------------------------------------------
     0 | D:1      | LustLizard the Gnoll Wanderer began the quest for the Orb.
     0 | D:1      | LustLizard set off with the following items: a +0
                  | quarterstaff, a +0 scale mail, a scroll of fear; and the
                  | following spell memorised: Necrotise; and the following
                  | spells available to memorise: Dispel Undead, Corpse Rot.
     0 | D:1      | Reached XP level 1. HP: 13/13 MP: 4/4
    63 | D:1      | Reached XP level 2. HP: 9/19 MP: 5/5
   667 | D:1      | Reached XP level 3. HP: 25/25 MP: 7/7
   762 | D:1      | Found a faded altar of an unknown god.
   977 | D:1      | Reached skill level 1 in Invocations
  1268 | D:2      | Reached skill level 1 in Fighting
  1268 | D:2      | Reached skill level 1 in Short Blades
  1268 | D:2      | Reached skill level 1 in Long Blades
  1268 | D:2      | Reached skill level 1 in Axes
  1268 | D:2      | Reached skill level 1 in Maces & Flails
  1268 | D:2      | Reached skill level 1 in Polearms
  1268 | D:2      | Reached skill level 1 in Ranged Weapons
  1268 | D:2      | Reached skill level 1 in Throwing
  1268 | D:2      | Reached skill level 1 in Dodging
  1268 | D:2      | Reached skill level 1 in Stealth
  1268 | D:2      | Reached skill level 1 in Shields
  1268 | D:2      | Reached skill level 1 in Unarmed Combat
  1447 | D:2      | Reached XP level 4. HP: 18/32 MP: 1/8
  1662 | D:2      | Reached skill level 1 in Conjurations
  1662 | D:2      | Reached skill level 1 in Hexes
  1662 | D:2      | Reached skill level 1 in Summonings
  1662 | D:2      | Reached skill level 1 in Translocations
  1662 | D:2      | Reached skill level 1 in Transmutations
  1662 | D:2      | Reached skill level 1 in Fire Magic
  1662 | D:2      | Reached skill level 1 in Ice Magic
  1662 | D:2      | Reached skill level 1 in Air Magic
  1662 | D:2      | Reached skill level 1 in Earth Magic
  1662 | D:2      | Reached skill level 1 in Poison Magic
  2342 | D:2      | Reached XP level 5. HP: 32/37 MP: 4/9
  3644 | D:3      | Slain by an orc wizard

Illustrated notes

Levels and vault maps discovered:
D:1:      sevenhm_arrival_forest_fort_small_5, layout_rooms,
          shapermc_ecumenical_altar_totnotflames
D:2:      layout_basic, minmay_lizard_pond
D:3:      layout_loops_ring, mainiacjoe_overflow_six_doors_small, fedhas_altar_4

Skill      XL: |  1  2  3  4  5 |
---------------+----------------+-----
Invocations    | 1 |  1.9
Fighting       | 1 |  1.6
Short Blades   | 1 |  1.6
Long Blades    | 1 |  1.6
Axes           | 1 |  1.6
Maces & Flails | 1 |  1.6
Polearms       | 1 |  1.6
Ranged Weapons | 1 |  1.6
Throwing       | 1 |  1.6
Dodging        | 1 |  1.6
Stealth        | 1 |  1.6
Shields        | 1 |  1.6
Unarmed Combat | 1 |  1.6
Spellcasting   | 3 |  3.2
Conjurations   | 1 |  1.3
Hexes          | 1 |  1.3
Summonings     | 1 |  1.3
Translocations | 1 |  1.3
Transmutations | 1 |  1.3
Fire Magic     | 1 |  1.3
Ice Magic      | 1 |  1.3
Air Magic      | 1 |  1.3
Earth Magic    | 1 |  1.3
Poison Magic   | 1 |  1.3
Necromancy     | 4 |  4.0
Evocations     | 3 |  3.1
Staves         | |  6.7
Armour         | |  6.7

Action                   |  1- 3 |  4- 6 || total
-------------------------+-------+-------++-------
Melee: Quarterstaff      |    88 |    67 ||   155
       Bite              |     6 |     8 ||    14
       Staff             |       |    41 ||    41
Throw: Stone             |       |     3 ||     3
       Dart              |       |     3 ||     3
 Cast: Necrotise         |    18 |    25 ||    43
  Use: Potion            |       |     3 ||     3
 Stab: Sleeping          |       |     1 ||     1
Armor: Scale mail        |    59 |       ||    59
       Leather armour    |       |    24 ||    24
Dodge: Dodged            |    52 |    95 ||   147
Block: Other             |       |    10 ||    10
